 Dungeon Crawl Stone Soup version 0.23-a0-445-g768d57b (webtiles) character file.

121 Azzok the Firebug (level 4, 0/30 HPs)
             Began as a Demonspawn Fire Elementalist on Nov 17, 2018.
             Slain by a goblin (1 damage)
             ... led by Robin
             ... on level 2 of the Dungeon.
             The game lasted 00:02:59 (1656 turns).

Azzok the Firebug (Demonspawn Fire Elementalist)    Turns: 1656, Time: 00:03:00

Health: 0/30       AC:  4    Str:  8    XL:     4   Next: 76%
Magic:  0/8        EV: 12    Int: 18    God:
Gold:   25         SH:  0    Dex: 13    Spells: 8/9 levels left

rFire    . . .     SeeInvis .   k - +1 dagger (drain)
rCold    . . .     Gourm    .   (no shield)
rNeg     . . .     Faith    .   a - +0 robe
rPois    .         Spirit   .   (no helmet)
rElec    .         Reflect  .   (no cloak)
rCorr    .         Harm     .   (no gloves)
MR       .....                  (no boots)
Stlth    ++........             (no amulet)
HPRegen  0.10/turn              (no ring)
MPRegen  0.11/turn              (no ring)

@: very slightly contaminated
A: hooves 1, molten scales 1
a: no special abilities


You were on level 2 of the Dungeon.
You were not hungry.

You visited 1 branch of the dungeon, and saw 2 of its levels.

You collected 25 gold pieces.

Inventory:

Hand Weapons
 k - a +1 dagger of draining (weapon)
Armour
 a - a +0 robe (worn)
Jewellery
 i - a cursed amulet of the acrobat {unknown}
Scrolls
 b - a scroll of teleportation {unknown}
 d - a scroll of remove curse {unknown}
 g - a scroll of identify {unknown}
 j - a scroll of magic mapping {unknown}
Potions
 e - a potion of curing
 h - a potion of heal wounds {unknown}
Comestibles
 c - 2 rations
 f - 4 chunks of flesh


   Skills:
 - Level 1.7 Dodging
 - Level 1.7 Stealth
 + Level 3.1 Spellcasting
 + Level 2.7 Conjurations
 + Level 3.6 Fire Magic


You had 8 spell levels left.
You knew the following spells:

 Your Spells              Type           Power        Failure   Level  Hunger
a - Flame Tongue          Conj/Fire      ##...        4%          1    None

Your spell library contained the following spells:

 Spells                   Type           Power        Failure   Level  Hunger
 Throw Flame              Conj/Fire      ##....       7%          2    ##.....
 Conjure Flame            Conj/Fire      ##......     13%         3    ###....
 Inner Flame              Hex/Fire       #.......     22%         3    ###....
 Sticky Flame             Conj/Fire      ##......     41%         4    ####...
 Fireball                 Conj/Fire      ##........   77%         5    ######.


Dungeon Overview and Level Annotations

Branches:
Dungeon (2/15)

Altars:
Ashenzari


Innate Abilities, Weirdness & Mutations

You have large cloven feet.
You are partially covered in molten scales. (AC +2)


Message History

Robin roars a battlecry!
You hear a shout!
You barely miss Robin.
Robin is heavily wounded.
Robin throws the goblin at you! The goblin hits you with a +0 club!
* * * LOW HITPOINT WARNING * * *
A goblin comes into view.
You hit Robin. You drain Robin!
You kill Robin!
The goblin hits you with a +0 club.
* * * LOW HITPOINT WARNING * * *
Casting: Flame Tongue (safe; 4% risk of failure)
Confirm with . or Enter, or press ? or * to list all spells.
Aiming: Flame Tongue (safe; 4% risk of failure)
Press: ? - help, Shift-Dir - straight line, f - goblin
Aim: a goblin (unusually strong)
The flame tongue misses the goblin.
* * * LOW MAGIC WARNING * * *
The goblin hits you.
You die...

▒▒▒▒▒▒ ▒····· ▒▒▒▒▒
▒····· ▒···▒ ▒·····
▒·)·▒ ▒····· ▒···▒
▒▒▒▒▒· ▒···▒ ▒·
▒···▒▒▒▒▒▒▒▒▒▒▒▒▒▒▒▒▒▒·
▒·>·†g@g···············
▒▒·▒·▒▒▒▒▒▒▒▒▒▒▒▒▒▒▒▒▒·
▒·▒·▒▒▒▒····(·· ▒·
▒·▒····▒······· ▒▒
▒·▒▒▒▒·▒······· ▒·
▒·▒·······
▒·▒▒▒▒·▒·······
▒····gg········
▒▒▒▒▒▒g▒·······


You could see 2 goblins.

Vanquished Creatures
  A worker ant (D:2)
  Natasha (D:2)
  Robin (D:2)
  An adder (D:2)
  A worm (D:2)
  2 dart slugs (D:1)
  A leopard gecko (D:1)
  5 bats
  A giant cockroach (D:2)
  13 goblins
  6 hobgoblins
  5 kobolds
  2 frilled lizards (D:1)
  7 rats
47 creatures vanquished.

Notes
Turn   | Place    | Note
-------+----------+-------------------------------------------
     0 | D:1      | Azzok the Demonspawn Fire Elementalist began the quest for
                  | the Orb.
     0 | D:1      | Reached XP level 1. HP: 13/13 MP: 3/3
   118 | D:1      | Gained mutation: You are partially covered in molten
                  | scales. (AC +2) [demonic ancestry]
   118 | D:1      | Reached XP level 2. HP: 19/19 MP: 3/5
   200 | D:1      | Found a shattered altar of Ashenzari.
   831 | D:1      | Gained mutation: You have large cloven feet. [demonic
                  | ancestry]
   831 | D:1      | Reached XP level 3. HP: 24/24 MP: 1/6
  1346 | D:2      | Noticed Natasha
  1356 | D:2      | Killed Natasha
  1579 | D:2      | Reached XP level 4. HP: 25/30 MP: 2/8
  1584 | D:2      | Noticed Robin
  1651 | D:2      | HP: 1/30 [goblin/+0 club[Robin] (7)]
  1655 | D:2      | Killed Robin
  1656 | D:2      | Slain by a goblin

Vault maps used:
D:1:      giann_bridges, ashenzari_altar_1
D:2:      st_stairs_5, uniq_natasha, uniq_robin

Skill      XL: |  1  2  3  4 |
---------------+-------------+-----
Fire Magic     | 3 |  3.6
Conjurations   | 2 |  2.7
Spellcasting   | 3 |  3.1
Dodging        | |  1.7
Stealth        | |  1.7

Action                   |  1- 3 |  4- 6 || total
-------------------------+-------+-------++-------
Melee: Unarmed           |    13 |     1 ||    14
       Dagger            |       |    39 ||    39
       Kick              |       |     8 ||     8
 Cast: Flame Tongue      |    53 |    10 ||    63
  Use: Potion            |       |     2 ||     2
  Eat: Chunk             |     3 |       ||     3
Armor: Robe              |    10 |    11 ||    21
Dodge: Dodged            |    30 |    22 ||    52

Table legend:
 A = Non-vault XP
 B = Vault XP
 C = Vault XP percentage of total XP
 D = Non-vault monster count
 E = Vault monster count
 F = Vault count percentage of total count
                 A         B        C        D         E       F
            +---------+---------+-------+---------+---------+-------
      Total |      95 |      78 |  45.1 |      35 |      12 |  25.5
            +---------+---------+-------+---------+---------+-------
        D:1 |      45 |       0 |   0.0 |      25 |       0 |   0.0
        D:2 |      50 |      78 |  60.9 |      10 |      12 |  54.5
            +---------+---------+-------+---------+---------+-------
